Map: Zen LE

Players

Ftesht

  • Race: Terran Terran
  • League: Platinum
  • Spawn Location: 7:00

kers - Winner!

  • Race: Protoss Protoss
  • League: Platinum
  • Spawn Location: 1:00

VOD

Have the link to the VOD?

Description

Time

  • Played on: March 6, 2020, 2:26 p.m.
  • Length: 13:27
Show
View Real Time Build Order
Export as new Build Order

Ftesht Terran 

Build Orders: 2 Factory, Gas First Reaper Expand, Liberator Opening, Mech 

Get SALT Encoding   

  12  0:01  SCV  
  13  0:16  Supply Depot  
  13  0:23  Refinery  
  13  0:24  SCV  
  14  0:40  Barracks  
  14  0:43  SCV  
  15  0:55  SCV  
  16  1:07  SCV  
  17  1:19  SCV  
  18  1:27  Reaper  
  18  1:32  SCV  
  20  1:43  Command Center  
  20  1:44  SCV  
  21  1:50  Refinery  
  21  1:56  SCV  
  22  2:14  Orbital Command  
  22  2:21  Factory  
  22  2:26  Barracks Reactor  
  22  2:32  Supply Depot  
  21  2:56  Bunker, Orbital Command  
  21  3:02  Factory  
  21  3:11  Starport  
  21  3:13  Hellion  
  21  3:15  SCV  
  24  3:20  Barracks Tech Lab  
  24  3:27  SCV  
  24  3:30  Refinery  
  25  3:48  Hellion x2  
  29  3:49  Liberator  
  29  3:55  SCV x2  
  34  3:56  Refinery  
  34  3:58  Barracks Tech Lab  
  34  4:08  SCV x2  
  36  4:20  SCV x2  
  38  4:30  Factory  
  38  4:32  SCV x2  
  38  4:36  Hellion x2  
  44  4:43  Supply Depot  
  44  4:44  SCV  
  45  4:50  Supply Depot  
  45  4:57  Starport Reactor  
  45  5:02  Armory  
  45  5:05  Siege Tank  
  45  5:06  Supply Depot  
  48  5:07  Hellion  
  48  5:08  Hellion  
  52  5:17  Cyclone  
  52  5:19  Marine  
  56  5:23  SCV  
  57  5:29  Supply Depot  
  57  5:32  Hellion  
  59  5:37  Marine  
  60  5:44  Hellion, Cyclone  
  60  5:46  SCV x2  
  67  5:55  Marine  
  68  6:01  Infernal Pre-Igniter  
  68  6:05  Mag-Field Accelerator  
  68  6:14  Hellion x2, Cyclone  
  68  6:16  Hellion  
  77  6:20  SCV  
  78  6:40  Supply Depot  
  78  6:42  Supply Depot  
  78  6:56  Hellion  
  78  7:02  SCV x2, Siege Tank x2  
  84  7:34  Siege Tank x2  
  87  7:46  Terran Vehicle Weapons Level 1  
  87  7:49  Armory, Command Center  
  87  7:55  Factory  
  87  7:56  Hellion x2, Factory  
  91  8:01  Viking  
  93  8:26  Smart Servos  
  93  8:47  Supply Depot  
  93  8:50  Supply Depot  
  93  8:51  Supply Depot, Cyclone  
  93  8:53  Supply Depot  
  94  9:01  Viking x2, Cyclone  
  98  9:10  Supply Depot  
  98  9:15  Supply Depot x2  
  98  9:23  Siege Tank  
  101  9:46  Refinery  
  101  9:48  Hellion x2, Cyclone  
  101  9:50  Command Center  
  101  9:52  Factory Tech Lab  
  110  9:54  Factory Tech Lab  
  110  9:55  Cyclone  
  110  9:57  SCV x2  
  113  10:09  SCV  
  113  10:13  SCV  
  115  10:14  Orbital Command  
  115  10:20  Siege Tank  
  118  10:21  SCV  
  118  10:25  SCV  
  118  10:28  Siege Tank  
  123  10:33  SCV  
  124  10:38  SCV  
  124  10:40  Cyclone  
  124  10:41  Hellion x2, Cyclone  
  135  10:46  SCV  
  135  10:48  SCV  
  137  10:50  SCV  
  137  10:52  Cyclone  
  141  10:58  SCV  
  141  11:00  SCV, Hellion  
  141  11:02  Hellion x2  
  113  11:25  Command Center  
  113  11:26  Cyclone  
  113  11:27  Hellion x3, Cyclone, Siege Tank  
  128  11:45  SCV x2  
  130  11:48  SCV, Hellion x2  
  130  11:53  Refinery  
  138  11:57  SCV  
  138  11:59  Hellion, Cyclone  
  144  12:07  Siege Tank x2  
  147  12:09  Hellion  
  147  12:13  Viking  
  147  12:14  Viking  
  153  12:17  SCV  
  153  12:20  Siege Tank  
  153  12:22  Engineering Bay  
  157  12:37  Hellion, Siege Tank  
  157  12:38  Hellion  
  157  12:39  Siege Tank  
  157  12:40  Hellion  
  169  12:52  Cyclone  
  164  12:59  Hellion  
Show
View Real Time Build Order
Export as new Build Order

kers Protoss - Winner!

Build Orders: Archon Immortal 

Get SALT Encoding   

  12  0:00  Probe  
  13  0:13  Probe  
  14  0:18  Pylon  
  14  0:25  Probe  
  15  0:37  Probe (Chrono Boost)  
  15  0:40  Gateway  
  16  0:48  Probe (Chrono Boost), Assimilator  
  17  0:53  Probe (Chrono Boost)  
  18  1:03  Probe  
  19  1:15  Probe  
  20  1:19  Gateway  
  20  1:27  Probe, Pylon  
  21  1:41  Cybernetics Core  
  21  1:42  Probe  
  22  1:54  Probe  
  23  2:06  Probe  
  23  2:17  Adept (Chrono Boost)  
  23  2:18  Probe, Stalker (Chrono Boost)  
  27  2:31  Probe  
  27  2:36  Pylon  
  28  2:38  Assimilator  
  28  2:43  Probe  
  29  2:50  Nexus  
  29  2:52  Pylon, Warp Gate (Chrono Boost)  
  29  2:59  Probe  
  30  3:11  Probe, Stalker, Sentry  
  35  3:24  Probe  
  35  3:26  Robotics Facility  
  36  3:36  Probe, Pylon  
  37  3:44  Stalker  
  37  3:47  Stalker  
  37  3:48  Probe  
  43  4:04  Probe x2 (Chrono Boost)  
  44  4:13  Probe (Chrono Boost)  
  44  4:14  Observer  
  44  4:15  Probe (Chrono Boost)  
  47  4:18  Probe (Chrono Boost)  
  47  4:21  Twilight Council  
  48  4:24  Probe  
  48  4:25  Gateway  
  48  4:30  Probe  
  50  4:36  Probe  
  50  4:37  Assimilator  
  51  4:39  Observer  
  51  4:42  Probe, Assimilator  
  53  4:48  Probe  
  54  4:54  Probe  
  54  4:58  Stalker x2  
  59  5:00  Probe  
  59  5:06  Probe  
  61  5:11  Immortal (Chrono Boost)  
  61  5:12  Probe  
  66  5:18  Probe, Charge  
  66  5:20  Pylon  
  67  5:24  Pylon  
  67  5:25  Probe  
  68  5:30  Probe  
  69  5:37  Probe  
  70  5:43  Probe  
  70  5:44  Immortal (Chrono Boost)  
  70  5:49  Probe  
  76  5:55  Probe  
  77  6:01  Probe  
  78  6:07  Probe  
  79  6:11  Gateway  
  79  6:13  Gateway  
  79  6:16  Gateway  
  79  6:17  Forge  
  79  6:18  Probe  
  80  6:19  Probe, Pylon  
  80  6:21  Pylon  
  80  6:24  Immortal  
  85  6:25  Templar Archives  
  85  6:30  Probe  
  86  6:37  Probe  
  87  6:48  Shield Battery  
  87  6:51  Stalker x2, Shield Battery  
  91  7:01  Stalker  
  91  7:03  Immortal  
  92  7:09  Stalker  
  92  7:10  Stalker  
  93  7:18  Stalker  
  91  7:24  Probe x2  
  93  7:33  Photon Cannon  
  93  7:36  Probe, Photon Cannon  
  93  7:37  Probe  
  95  7:49  Probe x2, Photon Cannon  
  97  7:53  Pylon  
  97  7:55  Pylon, Blink (Chrono Boost)  
  97  7:57  Nexus  
  97  7:59  Pylon  
  97  8:02  Pylon  
  97  8:10  Probe x2  
  99  8:22  Probe x2  
  101  8:32  Assimilator, High Templar x2  
  101  8:33  High Templar x4  
  113  8:34  Probe x2  
  113  8:35  Assimilator  
  113  8:36  Archon x2  
  113  8:37  Archon  
  115  8:42  Immortal  
  115  8:46  Probe x2  
  121  8:49  Robotics Facility  
  121  8:55  Pylon  
  121  9:02  Gateway  
  119  9:09  Protoss Ground Weapons Level 1 (Chrono Boost)  
  115  9:10  High Templar x2  
  119  9:24  Archon  
  119  9:27  Probe x3  
  122  9:32  Stalker x3  
  122  9:37  Immortal  
  132  9:39  Probe x2  
  134  9:47  Shield Battery  
  134  9:48  Photon Cannon  
  134  9:50  Photon Cannon  
  134  9:56  Probe x3  
  137  10:04  Immortal  
  141  10:08  Probe x3  
  141  10:12  High Templar x2  
  148  10:15  Sentry  
  148  10:18  Archon  
  150  10:35  Gateway  
  150  10:38  Probe x3, Gateway x2  
  150  10:41  Immortal  
  157  10:43  Gateway  
  157  10:46  Gateway  
  157  10:49  Nexus  
  157  10:53  Pylon  
  157  10:55  Pylon  
  155  10:57  Assimilator  
  155  11:01  Assimilator  
  142  11:15  Stalker x4  
  142  11:16  Stalker x2  
  154  11:36  Warp Prism  
  154  11:38  Pylon  
  154  11:39  Pylon  
  156  11:40  Pylon  
  156  11:44  Pylon  
  156  11:57  Pylon  
  156  11:59  Pylon  
  156  12:04  Gateway  
  156  12:07  Gateway  
  156  12:09  Gateway  
  156  12:10  High Templar x2  
  156  12:11  High Templar x7  
  156  12:14  Archon x2  
  156  12:15  Archon x2  
  174  12:17  High Templar  
  176  12:25  Archon  
  176  12:41  Stalker  
  176  12:42  Stalker  
  180  12:51  Gateway  
  180  12:53  Gateway  
  180  12:57  Gateway  
  136  13:08  Stalker x4  
  136  13:09  Stalker x8  
Tags
 
Add a new tag
Caveats
  • Supply blocks, unpowered buildings, or Contaminate may cause inaccurate times.
  • Supply counts are checked every 10 seconds.